SAAA
ROYSE CITY TARGARYENS @ PENNSAUKEN FLYERS
06/10/2034
 
TOP OF THE 1ST
Royse City Targaryens batting - Pitching for Pennsauken Flyers : RHP Seong-rae Park
Pitching: RHP Seong-rae Park
Batting: LHB Donald Brown 0-0: Called Strike
0-1: Ball
1-1: Called Strike
1-2: Ball
2-2: Foul Ball, location: 2F
2-2: Foul Ball, location: 2F
2-2: Foul Ball, location: 2F
2-2: Ball
3-2: Base on Balls
Batting: RHB Víctor Cuevas 0-0: Swinging Strike
0-1: Ball
1-1: Ball
2-1: Ball
3-1: Base on Balls
Donald Brown to second
Batting: RHB Melvin Thomas 0-0: Foul Ball, location: 2F
0-1: Called Strike
0-2: Ball
1-2: Strikes out swinging
Batting: RHB Cristo Cuervo 0-0: Ball
1-0: Ball
Donald Brown steals 3rd base
Víctor Cuevas to second
2-0: Swinging Strike
2-1: Foul Ball, location: 2F
2-2: Ball
3-2: Foul Ball, location: 2F
3-2: SINGLE (Line Drive, 4D)
Donald Brown scores
Víctor Cuevas to third
Batting: SHB Miguel Herrera 0-0: Ball
1-0: Swinging Strike
1-1: Foul Ball, location: 2F
1-2: Foul Ball, location: 2F
1-2: Strikes out swinging
Batting: RHB Gilberto Clemente 0-0: Called Strike
0-1: Ball
1-1: Ball
2-1: Ball
3-1: Foul Ball, location: 2F
3-2: Base on Balls
Cristo Cuervo to second
Batting: LHB Denis Jerningham 0-0: Ball
1-0: Called Strike
1-1: SINGLE (Line Drive, 6D)
Víctor Cuevas scores
Cristo Cuervo to third
Gilberto Clemente to second
Runner from 3rd tries for Home, SAFE, throw made home
Batting: LHB Takahiro Suzuki 0-0: Ball
1-0: Ball
2-0: Ball
3-0: Base on Balls
Gilberto Clemente to third
Denis Jerningham to second
Batting: RHB José García 0-0: Swinging Strike
0-1: Ground out 4-3 (Groundball, 4)
Top of the 1st over - 3 runs, 2 hits, 0 errors, 3 left on base; Royse City 3 - Pennsauken 0
BOTTOM OF THE 1ST
Pennsauken Flyers batting - Pitching for Royse City Targaryens : LHP Pedro Tavárez
Pitching: LHP Pedro Tavárez
Batting: LHB Arana Sashi 0-0: Ball
1-0: Ball
2-0: Called Strike
2-1: Fly out, F5 (Line Drive, 5S)
Batting: LHB Ignacio Martínez 0-0: Ground out 6-3 (Groundball, 6D)
Batting: RHB José Rodríguez 0-0: Foul Ball, location: 2F
0-1: Ball
1-1: SINGLE (Groundball, 56D)
Batting: RHB Vincente Flores 0-0: Ball
1-0: Called Strike
José Rodríguez is caught stealing 2nd base
Bottom of the 1st over - 0 runs, 1 hit, 0 errors, 0 left on base; Royse City 3 - Pennsauken 0
TOP OF THE 2ND
Royse City Targaryens batting - Pitching for Pennsauken Flyers : RHP Seong-rae Park
Batting: LHB Donald Brown 0-0: Foul Ball, location: 2F
0-1: Foul Ball, location: 2F
0-2: Strikes out swinging
Batting: RHB Víctor Cuevas 0-0: Ground out 3-1 (Groundball, 34)
Batting: RHB Melvin Thomas 0-0: Called Strike
0-1: SOLO HOME RUN (Flyball, 78XD), Distance : 391 ft
Batting: RHB Cristo Cuervo 0-0: Ball
1-0: Ball
2-0: Called Strike
2-1: Ball
3-1: Called Strike
3-2: Base on Balls
Batting: SHB Miguel Herrera 0-0: Called Strike
0-1: Swinging Strike
0-2: Ball
1-2: Ball
2-2: Ball
3-2: Foul Ball, location: 2F
3-2: Base on Balls
Cristo Cuervo to second
Batting: RHB Gilberto Clemente 0-0: Fly out, F9 (Flyball, 89M)
Top of the 2nd over - 1 run, 1 hit, 0 errors, 2 left on base; Royse City 4 - Pennsauken 0
BOTTOM OF THE 2ND
Pennsauken Flyers batting - Pitching for Royse City Targaryens : LHP Pedro Tavárez
Batting: RHB Vincente Flores 0-0: Called Strike
0-1: Ball
1-1: Swinging Strike
1-2: Reached on error, E3 (Groundball, 3)
Batting: RHB Chase Mooney 0-0: Called Strike
0-1: Foul Ball, location: 2F
0-2: Grounds into double play, 6-4-3 (Groundball, 6)
Batting: RHB Dave Ash 0-0: Ball
1-0: Ball
2-0: Ball
3-0: Base on Balls
Batting: RHB Marc Beck 0-0: Ball
1-0: Fly out, F7 (Flyball, 7S)
Bottom of the 2nd over - 0 runs, 0 hits, 1 error, 1 left on base; Royse City 4 - Pennsauken 0
TOP OF THE 3RD
Royse City Targaryens batting - Pitching for Pennsauken Flyers : RHP Seong-rae Park
Batting: LHB Denis Jerningham 0-0: Ball
1-0: Ball
2-0: Ball
3-0: Called Strike
3-1: Base on Balls
Batting: LHB Takahiro Suzuki 0-0: Ball
1-0: Ball
2-0: Ball
3-0: Base on Balls
Denis Jerningham to second
Batting: RHB José García 0-0: Ball
1-0: Foul Ball, location: 2F
1-1: Foul Ball, location: 2F
1-2: Ground out 3-1 (Groundball, 34S)
Denis Jerningham to third
Takahiro Suzuki to second
Batting: LHB Donald Brown 0-0: Called Strike
0-1: Ball
1-1: Foul Ball, location: 2F
1-2: Ground out 5-3 (Groundball, 5D)
Batting: RHB Víctor Cuevas 0-0: Ball
1-0: Ball
2-0: Ball
3-0: Base on Balls
Batting: RHB Melvin Thomas 0-0: Swinging Strike
0-1: Foul Ball, location: 2F
0-2: Ball
Wild Pitch!
Denis Jerningham scores
Takahiro Suzuki to third
Víctor Cuevas to second
1-2: Strikes out swinging
Top of the 3rd over - 1 run, 0 hits, 0 errors, 2 left on base; Royse City 5 - Pennsauken 0
BOTTOM OF THE 3RD
Pennsauken Flyers batting - Pitching for Royse City Targaryens : LHP Pedro Tavárez
Batting: RHB Raúl Javier Jr. 0-0: Called Strike
0-1: Fly out, F8 (Flyball, 8RD)
Batting: RHB Roy McFerran 0-0: Ball
1-0: Ball
2-0: Ball
3-0: Called Strike
3-1: Base on Balls
Batting: LHB Arana Sashi 0-0: Ball
1-0: Ball
2-0: Ball
3-0: Called Strike
3-1: Base on Balls
Roy McFerran to second
Batting: LHB Ignacio Martínez 0-0: Ball
Wild Pitch!
Roy McFerran to third
Arana Sashi to second
1-0: Ground out U3 (Groundball, 3D)
Batting: RHB José Rodríguez 0-0: Foul Ball, location: 2F
0-1: Ground out 1-3 (Groundball, 13)
Bottom of the 3rd over - 0 runs, 0 hits, 0 errors, 2 left on base; Royse City 5 - Pennsauken 0
TOP OF THE 4TH
Royse City Targaryens batting - Pitching for Pennsauken Flyers : RHP Seong-rae Park
Batting: RHB Cristo Cuervo 0-0: Called Strike
0-1: Ball
1-1: Foul Ball, location: 2F
1-2: Foul Ball, location: 2F
1-2: Foul Ball, location: 2F
1-2: Fly out, F7 (Flyball, 7D)
Batting: SHB Miguel Herrera 0-0: Ball
1-0: Ball
2-0: Called Strike
2-1: Ball
3-1: Called Strike
3-2: Fly out, F7 (Flyball, 78S)
Batting: RHB Gilberto Clemente 0-0: Ball
1-0: Ball
2-0: Foul Ball, location: 2F
2-1: Foul Ball, location: 2F
2-2: Foul Ball, location: 2F
2-2: Ball
3-2: Ground out 1-3 (Groundball, 15S)
Top of the 4th over - 0 runs, 0 hits, 0 errors, 0 left on base; Royse City 5 - Pennsauken 0
BOTTOM OF THE 4TH
Pennsauken Flyers batting - Pitching for Royse City Targaryens : LHP Pedro Tavárez
Batting: RHB Vincente Flores 0-0: Called Strike
0-1: Ball
1-1: Called Strike
1-2: Ball
2-2: Foul Ball, location: 2F
2-2: Foul Ball, location: 2F
2-2: Foul Ball, location: 2F
2-2: Foul Ball, location: 2F
2-2: Ball
3-2: Foul Ball, location: 2F
3-2: SINGLE (Groundball, 4D)
Batting: RHB Chase Mooney 0-0: Ball
1-0: Fielders Choice at 2nd, 5-4 (Groundball, 56)
Batting: RHB Dave Ash 0-0: Called Strike
0-1: Ball
1-1: Fly out, F9 (Line Drive, 9LM)
Now in RF: Vernon T. Waldrip
Batting: RHB Marc Beck 0-0: Ball
1-0: Called Strike
Chase Mooney steals 2nd base
1-1: Ball
2-1: Foul Ball, location: 2F
2-2: Foul Ball, location: 2F
2-2: Ball
3-2: Fly out, F9 (Flyball, 9S)
Bottom of the 4th over - 0 runs, 1 hit, 0 errors, 1 left on base; Royse City 5 - Pennsauken 0
TOP OF THE 5TH
Royse City Targaryens batting - Pitching for Pennsauken Flyers : RHP Seong-rae Park
Batting: LHB Denis Jerningham 0-0: Foul Ball, location: 2F
0-1: Ball
1-1: Ball
2-1: Ground out 3-1 (Groundball, 34)
Batting: LHB Takahiro Suzuki 0-0: Swinging Strike
0-1: Ball
1-1: Ball
2-1: Fly out, F5 (Popup, 5SF)
Batting: SHB Vernon T. Waldrip 0-0: Foul Ball, location: 2F
0-1: Fly out, F5 (Popup, 56S)
Top of the 5th over - 0 runs, 0 hits, 0 errors, 0 left on base; Royse City 5 - Pennsauken 0
BOTTOM OF THE 5TH
Pennsauken Flyers batting - Pitching for Royse City Targaryens : LHP Pedro Tavárez
Batting: RHB Raúl Javier Jr. 0-0: Ball
1-0: Called Strike
1-1: Fly out, F8 (Flyball, 8RD)
Batting: RHB Roy McFerran 0-0: Ball
1-0: Called Strike
1-1: Foul Ball, location: 2F
1-2: Foul Ball, location: 2F
1-2: Ground out 5-3 (Groundball, 56)
Batting: LHB Arana Sashi 0-0: Ball
1-0: Ball
2-0: Called Strike
2-1: Ball
3-1: Swinging Strike
3-2: Foul Ball, location: 2F
3-2: Ground out 6-3 (Groundball, 6)
Bottom of the 5th over - 0 runs, 0 hits, 0 errors, 0 left on base; Royse City 5 - Pennsauken 0
TOP OF THE 6TH
Royse City Targaryens batting - Pitching for Pennsauken Flyers : RHP Seong-rae Park
Pitching: RHP Will O'Slattery
Batting: LHB Donald Brown 0-0: Ball
1-0: Called Strike
1-1: Ball
2-1: Swinging Strike
2-2: Fly out, F3 (Line Drive, 34)
Batting: RHB Víctor Cuevas 0-0: Ball
1-0: SINGLE (Groundball, 56D)
Batting: RHB Melvin Thomas 0-0: Called Strike
0-1: Swinging Strike
0-2: Ball
1-2: Strikes out swinging
Batting: RHB Cristo Cuervo 0-0: Called Strike
0-1: Ball
1-1: Foul Ball, location: 2F
1-2: Foul Ball, location: 2F
1-2: DOUBLE (Line Drive, 9D)
Víctor Cuevas to third
Runner from 3rd tries for Home, SAFE, no throw
Batting: SHB Miguel Herrera 0-0: Called Strike
0-1: SINGLE (Groundball, 4MD)
Cristo Cuervo to third
Runner from 3rd tries for Home, SAFE, no throw
Batting: RHB Gilberto Clemente 0-0: Ground out U3 (Groundball, 3S)
Top of the 6th over - 2 runs, 3 hits, 0 errors, 1 left on base; Royse City 7 - Pennsauken 0
BOTTOM OF THE 6TH
Pennsauken Flyers batting - Pitching for Royse City Targaryens : LHP Pedro Tavárez
Batting: LHB Ignacio Martínez 0-0: Called Strike
0-1: Ball
1-1: Swinging Strike
1-2: Ball
2-2: Foul Ball, location: 2F
2-2: Ball
3-2: Foul Ball, location: 2F
3-2: Strikes out swinging
Batting: RHB José Rodríguez 0-0: Called Strike
0-1: Ground out 5-3 (Groundball, 56)
Batting: RHB Vincente Flores 0-0: Ball
1-0: Ground out 5-3 (Groundball, 56S)
Bottom of the 6th over - 0 runs, 0 hits, 0 errors, 0 left on base; Royse City 7 - Pennsauken 0
TOP OF THE 7TH
Royse City Targaryens batting - Pitching for Pennsauken Flyers : RHP Will O'Slattery
Batting: LHB Denis Jerningham 0-0: Foul Ball, location: 2F
0-1: Ball
1-1: Ball
2-1: Foul Ball, location: 2F
2-2: Fly out, F8 (Flyball, 8LXD)
Batting: LHB Takahiro Suzuki 0-0: Swinging Strike
0-1: Swinging Strike
0-2: Ball
1-2: Ball
2-2: Strikes out swinging
Batting: SHB Vernon T. Waldrip 0-0: Ball
1-0: Ground out 4-3 (Groundball, 4MS)
Top of the 7th over - 0 runs, 0 hits, 0 errors, 0 left on base; Royse City 7 - Pennsauken 0
BOTTOM OF THE 7TH
Pennsauken Flyers batting - Pitching for Royse City Targaryens : LHP Pedro Tavárez
Batting: RHB Chase Mooney 0-0: Ball
1-0: Foul Ball, location: 2F
1-1: Fly out, F8 (Flyball, 8RM)
Batting: RHB Dave Ash 0-0: Ball
1-0: Called Strike
1-1: Foul Ball, location: 2F
1-2: Ground out 4-3 (Groundball, 4S)
Batting: RHB Marc Beck 0-0: Ball
1-0: Called Strike
1-1: Foul Ball, location: 2F
1-2: Foul Ball, location: 2F
1-2: Foul Ball, location: 2F
1-2: Foul Ball, location: 2F
1-2: Strikes out looking
Bottom of the 7th over - 0 runs, 0 hits, 0 errors, 0 left on base; Royse City 7 - Pennsauken 0
TOP OF THE 8TH
Royse City Targaryens batting - Pitching for Pennsauken Flyers : RHP Will O'Slattery
Batting: LHB Donald Brown 0-0: Called Strike
0-1: Foul Ball, location: 2F
0-2: Ball
1-2: SINGLE (Groundball, 56D)
Batting: RHB Víctor Cuevas 0-0: Called Strike
0-1: Foul Ball, location: 2F
0-2: Fly out, F7 (Line Drive, 7D)
Batting: RHB Melvin Thomas 0-0: Ball
Donald Brown steals 2nd base
1-0: Foul Ball, location: 2F
1-1: Ground out 6-3 (Groundball, 6)
Donald Brown to third
Batting: RHB Cristo Cuervo 0-0: Foul Ball, location: 2F
0-1: Ball
1-1: Ball
2-1: Foul Ball, location: 2F
2-2: Foul Ball, location: 2F
2-2: Fly out, F7 (Flyball, 7LD)
Top of the 8th over - 0 runs, 1 hit, 0 errors, 1 left on base; Royse City 7 - Pennsauken 0
BOTTOM OF THE 8TH
Pennsauken Flyers batting - Pitching for Royse City Targaryens : LHP Pedro Tavárez
Batting: RHB Raúl Javier Jr. 0-0: Ball
1-0: Swinging Strike
1-1: Ball
2-1: Foul Ball, location: 2F
2-2: Ball
3-2: Strikes out looking
Pitching: RHP Pak Dong Hyeon
Batting: RHB Roy McFerran 0-0: Ball
1-0: Fly out, F8 (Line Drive, 8LD)
Batting: LHB Arana Sashi 0-0: Ball
1-0: Foul Ball, location: 2F
1-1: Ball
2-1: SINGLE (Groundball, 6D)
Batting: LHB Ignacio Martínez 0-0: Called Strike
0-1: Fly out, F6 (Line Drive, 6)
Bottom of the 8th over - 0 runs, 1 hit, 0 errors, 1 left on base; Royse City 7 - Pennsauken 0
TOP OF THE 9TH
Royse City Targaryens batting - Pitching for Pennsauken Flyers : RHP Will O'Slattery
Batting: SHB Miguel Herrera 0-0: Ball
1-0: Foul Ball, location: 2F
1-1: Ball
2-1: SINGLE (Line Drive, 8LS)
Batting: RHB Gilberto Clemente 0-0: Called Strike
0-1: Grounds into double play, 4-6-3 (Groundball, 4)
Batting: LHB Denis Jerningham 0-0: Fly out, F7 (Flyball, 7LSF)
Top of the 9th over - 0 runs, 1 hit, 0 errors, 0 left on base; Royse City 7 - Pennsauken 0
BOTTOM OF THE 9TH
Pennsauken Flyers batting - Pitching for Royse City Targaryens : RHP Pak Dong Hyeon
Batting: RHB José Rodríguez 0-0: Ball
1-0: Called Strike
1-1: Ball
2-1: Foul Ball, location: 2F
2-2: Ball
3-2: Foul Ball, location: 2F
3-2: Ground out 5-3 (Groundball, 5L)
Batting: RHB Vincente Flores 0-0: DOUBLE (Flyball, 8RXD)
Batting: RHB Chase Mooney 0-0: Called Strike
0-1: Ball
1-1: Foul Ball, location: 2F
1-2: Ball
2-2: Fly out, F1 (Line Drive, 13)
Batting: RHB Dave Ash 0-0: Called Strike
0-1: DOUBLE (Flyball, 8LXD)
Vincente Flores scores
Batting: RHB Marc Beck 0-0: Called Strike
0-1: Ground out 4-3 (Groundball, 4)
Bottom of the 9th over - 1 run, 2 hits, 0 errors, 1 left on base; Royse City 7 - Pennsauken 1
Friday, March 29th, 2019 - OOTP Baseball 18.8 Build 76